 Dungeon Crawl Stone Soup version 0.22.1-1-ga44c0e5 (webtiles) character file.

24858 Starchild the Impaler (level 13, 0/94 HPs)
             Began as a Merfolk Berserker on Oct 2, 2018.
             Was a High Priest of Trog.
             Slain by a wolf (6 damage)
             ... on level 3 of the Lair of Beasts on Oct 6, 2018.
             The game lasted 01:34:58 (16456 turns).

Starchild the Impaler (Merfolk Berserker)          Turns: 16456, Time: 01:34:59

Health: 0/94       AC: 11    Str: 23    XL:     13   Next: 15%
Magic:  22/22      EV: 16    Int: 16    God:    Trog [*****.]
Gold:   749        SH: 15    Dex: 15    Spells: 12/12 levels left

rFire    + . .     SeeInvis .   U - +6 trident of Odix {drain, MP+9 Int+4}
rCold    . . .     Gourm    .   a - +3 shield of the Bruised Seas {rPois rF+ Regen+}
rNeg     + . .     Faith    .   D - +3 scale mail "Ikhlipit" {+Fly Str+3 Int+2}
rPois    +         Spirit   .   e - +0 helmet {Int+3}
rElec    .         Reflect  .   x - scarf {repulsion}
rCorr    .         Harm     .   k - +0 pair of gloves
MR       +++..                  (no boots)
Stlth    ..........             l - amulet of magic regeneration
HPRegen  1.65/turn              n - ring of positive energy
MPRegen  0.43/turn              M - ring of protection from magic

@: berserk cooldown, regenerating, slowed, repel missiles, very slow
A: change form in water, swift swim, stealthy swim
a: Berserk, Trog's Hand, Brothers in Arms, Renounce Religion, Evoke Flight


You were on level 3 of the Lair of Beasts.
You worshipped Trog.
Trog was extremely pleased with you.
You were not hungry.

You visited 3 branches of the dungeon, and saw 16 of its levels.

You collected 1700 gold pieces.
You spent 951 gold pieces at shops.

Inventory:

Hand Weapons
 d - a +1 demon trident of flaming
 N - the +6 halberd of the Vine {vamp, *Corrode rPois Str+5 Stlth+}
   (You found it on level 2 of the Lair of Beasts)

   It inflicts no extra harm, but heals its wielder when it wounds a living foe.
   It affects your strength (+5).
   It protects you from poison.
   It may corrode you when you take damage.
   It makes you more stealthy.
 Q - a +0 trident of venom
 U - the +6 trident of Odix (weapon) {drain, MP+9 Int+4}
   (You found it on level 2 of the Lair of Beasts)

   A truly terrible weapon, it drains the life of those it strikes.
   It affects your intelligence (+4).
   It affects your magic capacity (+9).
Missiles
 g - 21 tomahawks (quivered)
 h - 5 javelins
Armour
 a - the +3 shield of the Bruised Seas (worn) {rPois rF+ Regen+}
   (You bought it in a shop on level 2 of the Orcish Mines)

   It protects you from fire.
   It protects you from poison.
   It increases your rate of regeneration.
 e - a +0 helmet of intelligence (worn)
 j - the cursed +0 pair of gloves of Indomitability {MR- Regen+ Int+6 SInv}
   (You bought it in a shop on level 2 of the Orcish Mines)

   It affects your intelligence (+6).
   It affects your resistance to hostile enchantments.
   It lets you see invisible.
   It increases your rate of regeneration.
   It has a curse placed upon it.
 k - a +0 pair of gloves (worn)
 x - a scarf of repulsion (worn)
 z - a scarf of cloud immunity
 D - the +3 scale mail "Ikhlipit" (worn) {+Fly Str+3 Int+2}
   (You bought it in a shop on level 2 of the Orcish Mines)

   It affects your strength (+3).
   It affects your intelligence (+2).
   It lets you fly.
 K - the +1 ring mail "Qoilud Laisch" {-Tele rCorr Int+5 Dex+4}
   (You found it on level 1 of the Lair of Beasts)

   It affects your intelligence (+5).
   It affects your dexterity (+4).
   It prevents most forms of teleportation.
   It provides partial protection from all sources of acid and corrosion.
Jewellery
 l - an amulet of magic regeneration (around neck)
 n - a ring of positive energy (left hand)
 s - an uncursed ring of fire
 I - an uncursed ring of ice
 M - a ring of protection from magic (right hand)
 S - an uncursed ring of positive energy
 V - an uncursed ring of ice
 W - a +4 ring of strength
Wands
 u - a wand of enslavement (9)
 v - a wand of acid (7)
 A - a wand of digging (5)
 F - a wand of random effects (19)
 P - a wand of paralysis (20)
 R - a wand of flame (25)
Scrolls
 b - a scroll of fog
 f - 2 scrolls of immolation {unknown}
 i - a scroll of fear {unknown}
 m - 6 scrolls of remove curse
 r - 4 scrolls of teleportation
 w - a scroll of enchant weapon
 y - 3 scrolls of enchant armour
 G - 2 scrolls of magic mapping {unknown}
 O - 2 scrolls of acquirement {unknown}
 X - a scroll of blinking {unknown}
Potions
 o - 3 potions of haste
 p - 2 potions of mutation
 q - 3 potions of brilliance
 t - 4 potions of agility
 B - a potion of heal wounds {unknown}
 C - 6 potions of curing
 E - a potion of lignification {unknown}
 H - 2 potions of flight {unknown}
 J - a potion of cancellation {unknown}
 L - a potion of magic {unknown}
 T - a potion of might {unknown}
Comestibles
 c - 29 rations


   Skills:
 - Level 6.4 Fighting
 - Level 16.0 Polearms
 - Level 12.0 Throwing
 - Level 1.3 Armour
 - Level 12.0 Dodging
 + Level 9.5 Shields


You had 12 spell levels left.
You didn't know any spells.
Your spell library was empty.

Dungeon Overview and Level Annotations

Branches:
Dungeon (10/15)            Temple (0/1) D:5            Lair (4/6) D:10
  Swamp (0/4) Lair:3        Snake (0/4) Lair:2          Orc (2/2) D:10
    Elf (0/3) Orc:2

Altars:
Cheibriados
Dithmenos
Fedhas
Hepliaklqana
Kikubaaqudgha
Nemelex Xobeh
Okawaru
Qazlal
Ru
Sif Muna
Trog
Uskayaw
Vehumet
Wu Jian
Xom
Yredelemnul

Shops:
D:4 *   D:9 [   Orc:2 ::(*[

Annotations:
D:9 Gastronok


Message History

Okay, then.
Okay, then.
You puncture the wolf!
You kill the wolf!
Trog accepts your kill. The wolf barely misses you.
The wolf bites you but does no damage. The wolf misses you.
The wolf closely misses you. You block the wolf's attack.
The bullfrog misses you. The wolf bites you but does no damage.
You block the wolf's attack. The wolf barely misses you. x2
Your two-headed ogre goes berserk!
You feel quite a bit more hungry. The wolf bites you!
* * * LOW HITPOINT WARNING * * *
You block the wolf's attack. The wolf barely misses you.
The wolf bites you but does no damage. You block the bullfrog's attack.
The wolf misses you. You block the wolf's attack. x2
The wolf closely misses you. You block the wolf's attack.
The wolf bites you but does no damage. The bullfrog closely misses you.
The wolf closely misses you. The wolf bites you but does no damage.
The wolf bites you.
You die...

#........................P#.....#
#...................#.....##...#.
...................###†..##......
...................##..†.###.....
..##P##......#......##...........
#########....##.....#.........###
#.....##....##P.........##
#####P.....#hhh.P.P........#.#
####.P##.....#.h@F...............
....)..........†hh...............
..............O..................
.#.#.###..#...#.#.####..#########
###### ############ ####


You could see 6 wolves, a bullfrog and a friendly two-headed ogre (berserk).

Vanquished Creatures
  Fannar (Lair:3)
  A hydra (Lair:3)
  A centaur warrior (Orc:2)
  Pikel (D:6)
  A lindwurm (Lair:3)
  A deep elf mage (D:7)
  2 orc knights (Orc:2)
  Joseph (D:7)
  3 elephants (Lair:3)
  8 spiny frogs
  A rime drake (Lair:1)
  7 komodo dragons
  3 trolls
  A tyrant leech (Lair:3)
  6 hippogriffs
  4 hogs (D:7)
  Eustachio (D:6)
  A basilisk (Lair:3)
  Grum (D:9)
  8 yaks
  A human (D:7)
  2 swamp worms (Lair:3)
  4 wargs
  2 nagas (Lair:2)
  5 porcupines
  4 water moccasins
  34 orc warriors
  An ice beast (D:6)
  3 phantoms
  14 centaurs
  6 ogres
  15 wolves
  5 crocodiles
  9 bullfrogs
  4 scorpions
  3 wights (D:10)
  2 crimson imps
  A centaur zombie (D:5)
  2 jellies
  3 hounds
  14 orc priests
  16 orc wizards
  2 bullfrog skeletons (D:7)
  A centaur skeleton (D:5)
  2 iguanas
  3 worker ants
  A killer bee zombie (D:6)
  A hound skeleton (D:5)
  A hound zombie (D:9)
  A howler monkey zombie (D:6)
  2 howler monkey skeletons
  A worker ant zombie (D:7)
  6 adders
  A shadow imp (D:3)
  An ooze (D:2)
  2 adder skeletons
  2 worms
  3 dart slugs (D:1)
  5 leopard geckos
  72 orcs
  A ball python (D:1)
  4 giant cockroaches
  8 hobgoblins
  5 jackals
  6 quokkas
  8 bats
  5 frilled lizards
  13 goblins
  4 kobolds (D:1)
  A leopard gecko skeleton (D:7)
  A quokka skeleton (D:7)
  A quokka zombie (D:7)
  5 rats
372 creatures vanquished.

Vanquished Creatures (others)
  An orc (D:7)
  A fungus (Lair:2)
  2 plants (Lair:2)
4 creatures vanquished.

Grand Total: 376 creatures vanquished

Notes
Turn   | Place    | Note
-------+----------+-------------------------------------------
     0 | D:1      | Starchild the Merfolk Berserker began the quest for the
                  | Orb.
     0 | D:1      | Reached XP level 1. HP: 18/18 MP: 1/1
   139 | D:1      | Reached XP level 2. HP: 18/24 MP: 2/2
   152 | D:1      | Reached skill level 5 in Polearms
   521 | D:1      | Reached XP level 3. HP: 29/29 MP: 3/3
   830 | D:1      | Reached ** piety under Trog
  1128 | D:2      | Found a stormy altar of Qazlal.
  1272 | D:2      | Reached skill level 6 in Polearms
  1272 | D:2      | Reached XP level 4. HP: 30/35 MP: 4/4
  2196 | D:3      | Found a basalt altar of Yredelemnul.
  2301 | D:3      | Reached XP level 5. HP: 41/41 MP: 5/5
  2305 | D:3      | Reached skill level 5 in Dodging
  2306 | D:3      | Reached skill level 7 in Polearms
  2880 | D:4      | Reached XP level 6. HP: 35/47 MP: 6/6
  2964 | D:4      | Found Nicsy's Assorted Antiques.
  2995 | D:4      | Reached skill level 8 in Polearms
  3612 | D:4      | Found an ornate altar of the Wu Jian Council.
  3619 | D:4      | Found a radiant altar of Vehumet.
  3620 | D:4      | Found an ancient bone altar of Kikubaaqudgha.
  3621 | D:4      | Found an iron altar of Okawaru.
  3621 | D:4      | Found a bloodstained altar of Trog.
  3621 | D:4      | Found a sacrificial altar of Ru.
  3621 | D:4      | Found a hazy altar of Hepliaklqana.
  3622 | D:4      | Found a blossoming altar of Fedhas.
  3625 | D:4      | Found a deep blue altar of Sif Muna.
  3626 | D:4      | Found a snail-covered altar of Cheibriados.
  3861 | D:5      | Entered Level 5 of the Dungeon
  3873 | D:5      | Reached skill level 9 in Polearms
  3873 | D:5      | Reached XP level 7. HP: 20/52 MP: 7/7
  4158 | D:5      | Found a staircase to the Ecumenical Temple.
  4176 | D:5      | Reached *** piety under Trog
  4348 | D:5      | Reached skill level 10 in Polearms
  4943 | D:6      | Found a sparkling altar of Nemelex Xobeh.
  5020 | D:6      | Noticed Eustachio
  5031 | D:6      | Killed Eustachio
  5031 | D:6      | Reached XP level 8. HP: 58/58 MP: 8/8
  5109 | D:6      | Reached skill level 11 in Polearms
  5142 | D:6      | Noticed Pikel
  5171 | D:6      | Killed Pikel
  5171 | D:6      | Reached skill level 12 in Polearms
  5566 | D:6      | Reached XP level 9. HP: 64/64 MP: 9/9
  5745 | D:7      | Reached skill level 10 in Dodging
  5789 | D:7      | Noticed Joseph
  5810 | D:7      | Killed Joseph
  6165 | D:7      | Reached skill level 13 in Polearms
  6590 | D:7      | Found a shimmering altar of Xom.
  6797 | D:7      | Reached skill level 14 in Polearms
  6965 | D:7      | Received a gift from Trog
  7010 | D:7      | Reached XP level 10. HP: 36/70 MP: 10/10
  7052 | D:7      | Reached skill level 1 in Throwing
  7308 | D:7      | Noticed a deep elf mage
  7322 | D:7      | Killed a deep elf mage
  7332 | D:7      | Reached skill level 5 in Fighting
  8107 | D:8      | Reached skill level 15 in Polearms
  8406 | D:8      | Found a white marble altar of Elyvilon.
  8408 | D:8      | Found a stormy altar of Qazlal.
  8408 | D:8      | Found a shadowy altar of Dithmenos.
  8410 | D:8      | Found a hide-covered altar of Uskayaw.
  8410 | D:8      | Found a hide-covered altar of Uskayaw.
  8410 | D:8      | Found a shimmering altar of Xom.
  9062 | D:9      | Reached skill level 5 in Throwing
  9293 | D:9      | Reached **** piety under Trog
  9381 | D:9      | Noticed Grum
  9390 | D:9      | Killed Grum
  9401 | D:9      | Reached skill level 16 in Polearms
  9412 | D:9      | Reached XP level 11. HP: 42/79 MP: 11/11
  9463 | D:9      | Found Follec's Armour Emporium.
  9466 | D:9      | Bought a cursed +0 pair of gloves for 24 gold pieces
  9515 | D:9      | Noticed Gastronok
  9946 | D:10     | Entered Level 10 of the Dungeon
 10107 | D:10     | Found a staircase to the Orcish Mines.
 10201 | D:10     | Found a staircase to the Lair.
 10603 | D:10     | Reached skill level 1 in Shields
 11060 | Orc:1    | Entered Level 1 of the Orcish Mines
 11511 | Orc:1    | Received a gift from Trog
 11768 | Orc:1    | You fall through a shaft!
 11768 | Orc:2    | Entered Level 2 of the Orcish Mines
 11891 | Orc:2    | Noticed an orc knight
 11909 | Orc:2    | Killed an orc knight
 12039 | Orc:2    | Reached ***** piety under Trog
 12158 | Orc:2    | Noticed an orc knight
 12180 | Orc:2    | Killed an orc knight
 12464 | Orc:2    | Found a staircase to the Elven Halls.
 12693 | Orc:2    | Noticed a centaur warrior
 12853 | Orc:2    | Killed a centaur warrior
 13049 | Orc:2    | Received a gift from Trog
 13168 | Orc:2    | Found Didotah's Antique Armour Boutique.
 13231 | Orc:2    | Reached XP level 12. HP: 88/88 MP: 12/12
 13286 | Orc:2    | Found Biumius's Book Shoppe.
 13288 | Orc:2    | Found Cuaprik's Antique Weapon Shop.
 13288 | Orc:2    | Found Tudomuuq's Book Emporium.
 13306 | Orc:2    | Reached skill level 10 in Throwing
 13318 | Orc:2    | Found Wuoplock's Assorted Antiques.
 13456 | Orc:2    | Bought a scroll of identify for 42 gold pieces
 13488 | Orc:2    | Bought a pair of slimy gloves for 247 gold pieces
 13488 | Orc:2    | Identified the cursed +0 pair of gloves of Indomitability
                  | {MR- Regen+ Int+6 SInv} (You bought it in a shop on level 2
                  | of the Orcish Mines)
 13489 | Orc:2    | Bought a steaming shield for 247 gold pieces
 13489 | Orc:2    | Bought an ichor-stained scale mail for 234 gold pieces
 13499 | Orc:2    | Identified the +3 shield of the Bruised Seas {rPois rF+
                  | Regen+} (You bought it in a shop on level 2 of the Orcish
                  | Mines)
 13509 | Orc:2    | Identified the +3 scale mail "Ikhlipit" {+Fly Str+3 Int+2}
                  | (You bought it in a shop on level 2 of the Orcish Mines)
 13547 | Orc:2    | Bought a shiny helmet for 157 gold pieces
 13613 | Lair:1   | Entered Level 1 of the Lair of Beasts
 14029 | Lair:1   | Got a heavily runed ring mail
 14040 | Lair:1   | Identified the cursed +1 ring mail "Qoilud Laisch" {-Tele
                  | rCorr Int+5 Dex+4} (You found it on level 1 of the Lair of
                  | Beasts)
 14980 | Lair:2   | Found a staircase to the Snake Pit.
 15013 | Lair:2   | Reached skill level 5 in Shields
 15145 | Lair:2   | Got a shimmering halberd
 15156 | Lair:2   | Identified the +6 halberd of the Vine {vamp, *Corrode rPois
                  | Str+5 Stlth+} (You found it on level 2 of the Lair of
                  | Beasts)
 15313 | Lair:2   | Got a brightly glowing trident
 15314 | Lair:2   | Identified the +6 trident of Odix {drain, MP+9 Int+4} (You
                  | found it on level 2 of the Lair of Beasts)
 15627 | Lair:3   | Found a shadowy altar of Dithmenos.
 15704 | Lair:3   | Noticed Fannar
 15717 | Lair:3   | Killed Fannar
 15919 | Lair:3   | Found a staircase to the Swamp.
 15937 | Lair:3   | Reached XP level 13. HP: 94/94 MP: 13/13
 16456 | Lair:3   | Slain by a wolf

Skill      XL: |  1  2  3  4  5  6  7  8  9 10 11 12 13 |
---------------+----------------------------------------+-----
Dodging        | 3 4 5 6 8 9 12 | 12.0
Polearms       | 5 6 7 9 10 12 14 16 | 16.0
Throwing       | 5 9 12 | 12.0
Fighting       | 5 6 |  6.4
Shields        | 4 8 9 |  9.5
Armour         | |  1.3

Action                   |  1- 3 |  4- 6 |  7- 9 | 10-12 | 13-15 || total
-------------------------+-------+-------+-------+-------+-------++-------
Melee: Spear             |   134 |   311 |    47 |       |       ||   492
       Trident           |       |       |   332 |   381 |    77 ||   790
       Halberd           |       |       |       |   184 |       ||   184
       Demon trident     |       |       |       |   193 |       ||   193
       Tailslap          |       |       |       |     1 |     2 ||     3
Throw: Tomahawk          |       |    17 |    21 |   280 |     3 ||   321
Invok: Berserk           |       |     2 |     4 |     5 |     1 ||    12
       Trog's Hand       |       |     2 |     3 |     5 |     1 ||    11
       Brothers in Arms  |       |       |       |       |     1 ||     1
  Use: Scroll            |       |     3 |     9 |     7 |       ||    19
       Potion            |       |       |     2 |     2 |       ||     4
 Stab: Sleeping          |     1 |     1 |     1 |     1 |       ||     4
  Eat: Chunk             |     1 |    11 |    12 |    19 |       ||    43
       Ration            |       |       |     1 |     6 |       ||     7
Armor: Animal skin       |    17 |    18 |     8 |       |       ||    43
       Leather armour    |       |       |    15 |    53 |       ||    68
       Scale mail        |       |       |       |    22 |    55 ||    77
Dodge: Dodged            |    59 |   133 |   260 |   391 |   119 ||   962
       Deflected         |       |     4 |     4 |    47 |       ||    55
Block: Buckler           |       |       |       |    41 |       ||    41
       Shield            |       |       |       |    99 |   130 ||   229
